 Dungeon Crawl Stone Soup version 0.17-a0-491-gbd49765 (webtiles) character file.

659970 inmateoo the Fencer (level 27, -5/235 HPs)
             Began as a Human Assassin on Apr 9, 2015.
             Was the Champion of the Shining One.
             Killed from afar by an ice dragon (9 damage)
             ... with a blast of cold
             ... summoned by the Serpent of Hell
             ... on level 7 of Tartarus on Apr 10, 2015.
             The game lasted 04:08:11 (96699 turns).

inmateoo the Fencer (Human Assassin)               Turns: 96699, Time: 04:08:12

Health: -5/235     AC: 46    Str: 13      XL:     27
Magic:  28/33      EV:  9    Int: 28 (30) God:    the Shining One [******]
Gold:   3757       SH: 18    Dex: 33      Spells: 12 memorised, 8 levels left

rFire  + . .     SeeInvis +     o - +9 double sword (holy)
rCold  + . .     Clarity  +     b - +8 orange crystal plate armour {Archmagi, Int+3 Clar SustAb}
rNeg   + + +     SustAb   +     p - +5 shield {AC+3}
rPois  +         Gourm    .     Z - +2 helmet {rF+}
rElec  +         Spirit   .     W - +0 cloak of Makhleb's Generosity {rN+ Int+3 Dex+3 SInv}
rCorr  .         Warding  .     u - +2 pair of gloves {Dex+3}
rMut   .         Stasis   .     F - +4 pair of boots of Milemac {rElec}
MR     ++...                    O - amulet of regeneration
Stlth  ..........               f - ring "Qeuguleg" {rC+ Int+8 Dex+2 SInv}
                                i - ring "Ciumat" {rElec rPois MP-9 Str+2 Dex+3}

@: corroded equipment, slowed, glowing, very slow, very resistant to hostile
enchantments, extremely unstealthy
A: hooves 1, molten scales 1, berserk 1, robust 1, weak 1
a: Divine Shield, Cleansing Flame, Summon Divine Warrior, Renounce Religion
}: 4/15 runes: decaying, serpentine, slimy, silver


You were on level 7 of Tartarus.
You worshipped the Shining One.
The Shining One was exalted by your worship.
You were not hungry.

You visited 13 branches of the dungeon, and saw 68 of its levels.
You visited the Abyss 1 time.
You also visited: Labyrinth, Sewer, Ossuary, Ice Cave and Volcano.

You collected 33413 gold pieces.
You spent 10917 gold pieces at shops.
You paid 18609 gold pieces to Gozag.

Inventory:

Hand weapons
 o - a +9 double sword of holy wrath (weapon)
Armour
 b - the +8 orange crystal plate armour (worn) {Archmagi, Int+3 Clar SustAb}
   (You bought it in a shop on level 3 of the Elven Halls)

   It affects your intelligence (+3).
   It sustains your strength, intelligence and dexterity.
   It protects you against confusion.
 p - a +5 shield of protection (worn)
 u - a +2 pair of gloves of dexterity (worn)
 F - the +4 pair of boots of Milemac (worn) {rElec}
   (You bought it in a shop on level 4 of the Orcish Mines)

   It insulates you from electricity.
 W - the +0 cloak of Makhleb's Generosity (worn) {rN+ Int+3 Dex+3 SInv}
   (You found it on level 3 of the Lair of Beasts)

   It affects your intelligence (+3).
   It affects your dexterity (+3).
   It protects you from negative energy.
   It enhances your eyesight.
 Z - a +2 helmet of fire resistance (worn)
Magical staves
 T - an uncursed staff of power
Rods
 c - a +2 rod of the swarm (13/13)
   (You found it on level 6 of the Pits of Slime)
 e - a +9 lightning rod (15/15)
   (You took it off a fire giant on level 4 of the Vaults)
 h - a +0 rod of shadows (13/13)
   (You found it on level 5 of the Vaults)
Jewellery
 d - an uncursed amulet of resist mutation
 f - the ring "Qeuguleg" (right hand) {rC+ Int+8 Dex+2 SInv}
   (You found it on level 5 of the Vaults)

   [ring of dexterity]

   It affects your intelligence (+8).
   It affects your dexterity (+2).
   It protects you from cold.
   It enhances your eyesight.
 i - the ring "Ciumat" (left hand) {rElec rPois MP-9 Str+2 Dex+3}
   (You bought it in a shop on level 8 of the Dungeon)

   [ring of strength]

   It affects your strength (+2).
   It affects your dexterity (+3).
   It insulates you from electricity.
   It protects you from poison.
   It affects your magic capacity (-9).
 N - an uncursed ring of protection from magic
 O - an amulet of regeneration (around neck)
 U - an uncursed ring of protection from cold
 Y - an uncursed amulet of resist corrosion
Magical devices
 k - a wand of hasting (4)
 w - a wand of teleportation (6)
 E - a wand of disintegration (5)
 R - a wand of heal wounds (2)
 V - a wand of digging (11)
Scrolls
 a - a scroll of summoning
 n - 7 scrolls of fear
 s - 28 scrolls of remove curse
 A - 3 scrolls of magic mapping
 C - 5 scrolls of identify
 D - 13 scrolls of teleportation
 G - 10 scrolls of amnesia
 K - 11 scrolls of enchant armour
 S - 7 scrolls of recharging
 X - 3 scrolls of fog
Potions
 j - a potion of cure mutation
 m - 2 potions of agility
 q - 7 potions of curing
 r - 6 potions of brilliance
 t - 2 potions of might
 v - 2 potions of heal wounds
 x - 4 potions of restore abilities
 y - 2 potions of resistance
 z - 7 potions of magic
 B - 3 potions of cancellation
 L - 3 potions of haste
Miscellaneous
 l - a fan of gales
 I - a lamp of fire (inert)
 J - a disc of storms
 Q - a phial of floods
Comestibles
 g - 7 bread rations


   Skills:
 - Level 17.0 Fighting
   Level 13.6(17.8) Short Blades
 - Level 19.1(20.4) Long Blades
 - Level 2.8 Throwing
 - Level 17.0 Armour
 - Level 16.5 Dodging
 - Level 12.3 Stealth
 + Level 10.6 Shields
 + Level 15.7 Spellcasting
 - Level 4.6 Transmutations
 + Level 17.3 Earth Magic
 + Level 13.2 Invocations
 - Level 17.0 Evocations


You had 8 spell levels left.
You knew the following spells:

 Your Spells              Type           Power        Failure   Level  Hunger
a - Flight                Chrm/Air       ####......   100%        3    None
b - Stoneskin             Trmt/Erth      #######.     17%         2    None
c - Dispel Undead         Necr           ####....     100%        5    None
d - Shatter               Erth           ########..   100%        9    #######
e - Apportation           Tloc           ####......   100%        1    None
f - Blink                 Tloc           N/A          100%        2    None
g - Statue Form           Trmt/Erth      #######..    100%        6    ###....
h - Iron Shot             Conj/Erth      #######...   100%        6    ###....
i - Regeneration          Chrm/Necr      ####......   100%        3    None
j - Passage of Golubria   Tloc           N/A          100%        4    None
k - Deflect Missiles      Chrm/Air       ####......   100%        6    ###....
l - Repel Missiles        Chrm/Air       ####..       100%        2    None


Dungeon Overview and Level Annotations

Branches:
Dungeon (15/15)            Temple (1/1) D:4            Lair (8/8) D:8
  Swamp (5/5) Lair:3        Snake (5/5) Lair:4        Slime (6/6) Lair:7
    Orc (4/4) D:9             Elf (3/3) Orc:3        Vaults (5/5) D:14
  Crypt (3/3) Vaults:2       Tomb (0/3) Crypt:3      Depths (5/5) D:15
   Hell (1/1)                 Dis (0/7) Hell            Geh (0/7) Hell
    Coc (0/7) Hell            Tar (7/7) Hell            Zot (0/5) Depths:5

Altars:
Ashenzari
Cheibriados
Dithmenos
Elyvilon
Fedhas
Gozag
Kikubaaqudgha
Makhleb
Nemelex Xobeh
Okawaru
Qazlal
Ru
Sif Muna
Trog
Vehumet
Xom
Yredelemnul
Zin
The Shining One
Beogh
Jiyva

Shops:
D:4 [   D:8 =   D:10 =   D:12 ?   Orc:2 ?   Orc:4 ![?[:   Elf:1 :   Elf:3 [
Snake:3 }   Snake:5 }   Vaults:1 *   Vaults:2 [[   Vaults:3 **   Vaults:4 [
Vaults:5 (}   Depths:1 [*   Depths:2 }   Depths:3 ?   Depths:4 *}   Depths:5 =}

Portals:
Hell: Depths:1 Depths:2 Depths:3 Depths:4 Depths:5
Abyss: Depths:1 Depths:3 Depths:4
Pandemonium: Depths:2 Depths:3
Ziggurat: Depths:3
Trove: Elf:1 (give +4 ice dragon armour)

Annotations:
Elf:2 5 runed doors
Elf:3 1 exclusion
Tar:7 Serpent of Hell


Innate Abilities, Weirdness & Mutations

You have large cloven feet.
You are partially covered in molten scales (AC +1).
You tend to lose your temper in combat.
You are robust (+10% HP).
You are weak. (Str -2)


Message History

Drink which item? (? for menu, Esc to quit)
You feel better.
You are engulfed in dark miasma.
* * * LOW HITPOINT WARNING * * *
You block the Serpent of Hell's attack. The Serpent of Hell bites you!
* * * LOW HITPOINT WARNING * * *
The Serpent of Hell bites you but does no damage.
The Serpent of Hell claws you but does no damage.
The Serpent of Hell tramples you.
* * * LOW HITPOINT WARNING * * *
You stumble backwards!
The ice dragon is engulfed in dark miasma.
The ice dragon seems to slow down.
You block the ice dragon's attack. You block the ice dragon's attack.
The ice dragon tramples you but does no damage.
The Serpent of Hell roars!
A dragon appears.
The ice dragon breathes frost at you.
The blast of cold hits the Serpent of Hell.
The Serpent of Hell resists.
The blast of cold hits you! You resist.
You die...

,,,,,,,,,,,#.##.##..###.^###..##.
,**++**,,,,#.#..#..##....))##..#.
**,,,.**,,,#.#.##.##..####)!##.##
*,....,*,,##.#.#..#..##..##).#..#
*.....,**,#....#.##.##....##.##.#
......,,*,#..).#§#..)'.#*..#..#.#
......,,*,#.)..#§#§###.##..#..#.#
.....D,,*,#..D.#§#§#......##.##.#
##'''D#####.##D#@D§#...#'##..#..#
.....DD.##...#§#D###...#)#..##.##
.....)...#.DD#.DD#..####...##..#.
.#....#..#..######..#....###..##.
,#....#..D..#,#}[)###.####...##..
*#....##...##,##:)#........###..#
*##..#*##.##,,,##}#.########...##
*,###*,*###,,,,,###.'........###.
,,,,,..........,,,####....####...


You could see the Serpent of Hell, a storm dragon and 2 ice dragons.

Vanquished Creatures
  the royal jelly (Slime:6)
  4 ancient liches
  Mara (Depths:4)
  Vashnia (Snake:5)
  Geryon (Hell)
  A golden dragon (Vaults:4)
  Nikola (Snake:1)
  5 bone dragons
  6 liches
  5 tentacled monstrosities
  A Hell Sentinel (Tar:1)
  An Ice Fiend (Elf:3)
  4 titans
  Asterion (Snake:5)
  2 deep elf blademasters (Elf:3)
  2 deep elf master archers (Elf:3)
  2 quicksilver dragons (Vaults:5)
  19 Shadow Fiends
  An eldritch tentacle (Tar:1)
  2 tengu reavers
  23 acid blobs
  4 octopode crushers
  3 thorn hunters
  7 ancient champions
  6 sphinxes
  5 shadow dragons
  2 storm dragons
  A draconian monk (Depths:5)
  3 revenants
  Roxanne (Swamp:4)
  Wiglaf (Vaults:1)
  13 greater nagas
  Donald (Snake:5)
  A draconian knight (Depths:5)
  7 deep elf sorcerers
  A ghost moth (Depths:4)
  Maud (Lair:5)
  10 fire giants
  16 vault wardens
  A cacodemon (Hell)
  Aizul (Snake:1)
  16 azure jellies
  Louise (D:15)
  7 frost giants
  2 balrugs
  2 curse skulls (Crypt:3)
  A draconian zealot (Depths:5)
  7 ghouls
  A caustic shrike zombie (Crypt:3)
  12 ironheart preservers
  6 war gargoyles
  A spriggan defender (Depths:3)
  24 reapers
  25 stone giants
  17 very ugly things
  A black draconian (Depths:5)
  A green draconian (Depths:5)
  5 vampire knights
  A salamander firebrand (Hell)
  7 deep elf demonologists
  8 deep elf annihilators
  Azrael (D:12)
  A mottled draconian (Depths:5)
  A red draconian (Depths:5)
  5 eidola
  A purple draconian (Depths:5)
  Snorg (D:14)
  12 death oozes
  6 deep elf death magi
  A minotaur (Lab)
  15 ettins
  2 merfolk impalers
  A spectral kraken (Tar:7)
  A crystal guardian (Depths:4)
  23 vault guards
  12 jiangshi
  Josephine (Lair:6)
  21 yaktaur captains
  A fire dragon (shapeshifter) (Depths:4)
  7 fire dragons
  4 deep elf high priests
  16 rakshasas
  A quicksilver dragon skeleton (Crypt:3)
  3 entropy weavers
  15 ice dragons
  14 great orbs of eyes
  13 naga warriors
  10 ogre magi
  A catoblepas (D:13)
  8 spriggan air magi
  21 anacondas
  4 ghost crabs
  15 hydras
  An ice dragon (shapeshifter) (Depths:4)
  A hydra (shapeshifter) (Depths:4)
  An anaconda (shapeshifter) (Vaults:4)
  12 centaur warriors
  13 deep troll shamans
  11 alligators
  8 dancing weapons
  4 salamander stormcallers
  9 vampire magi
  2 tengu warriors
  5 death yaks
  6 deep troll earth magi
  2 titan zombies
  3 sun demons (Hell)
  2 shock serpents
  10 naga sharpshooters
  A shock serpent (shapeshifter) (Depths:1)
  6 spriggan berserkers
  A storm dragon zombie (Tar:7)
  Sonja (Orc:3)
  25 soul eaters
  Nergalle (Orc:3)
  An orc high priest (Orc:3)
  7 hell knights
  25 deep elf knights
  A fire crab (shapeshifter) (Depths:2)
  A wretched star (Abyss:2)
  9 iron trolls
  2 titan skeletons
  7 ice devils
  5 fire crabs
  2 salamander mystics
  66 skeletal warriors
  3 shadow wraiths
  5 unseen horrors
  A ghost moth zombie (Tar:7)
  A death drake (Tar:2)
  2 giant orange brains
  2 spriggan druids
  2 storm dragon skeletons
  6 swamp dragons
  A shambling mangrove (Swamp:5)
  An anaconda zombie (Tar:1)
  20 shadow demons
  11 flayed ghosts
  4 golden dragon skeletons
  12 deep elf summoners
  4 naga ritualists (Snake:5)
  6 ice statues
  5 mana vipers
  33 deep trolls
  An obsidian statue (Vaults:4)
  4 harpies (Vaults:2)
  A torturous demonspawn (Depths:2)
  13 deep elf conjurers
  A manticore (D:10)
  8 necromancers
  5 wizards
  16 phantasmal warriors
  A statue (Volcano)
  6 griffons
  2 anaconda skeletons
  A lindwurm (Lair:8)
  11 orc knights
  12 hill giants
  14 ironbrand convokers
  2 lindwurms (shapeshifter) (Depths:4)
  2 hornets (shapeshifter)
  4 hornets
  2 wolf spider zombies
  A shining eye (shapeshifter) (Depths:4)
  2 frost giant zombies (Tar:5)
  11 oklob plants (Lair:7)
  47 ugly things
  3 worldbinders (Tar:7)
  3 wolf spiders
  2 orc sorcerers
  2 shadow dragon skeletons
  3 shining eyes
  3 toenail golems (Volcano)
  17 guardian serpents
  An iron dragon skeleton (Tar:6)
  9 cyclopes
  9 salamanders
  A guardian serpent (shapeshifter) (Depths:4)
  Maurice (D:8)
  17 elephants
  A stone giant skeleton (Tar:1)
  2 fire giant skeletons
  29 black mambas
  A queen ant (shapeshifter) (Depths:4)
  2 octopodes (shapeshifter)
  5 rust devils
  4 centaur zombies
  An eye of devastation (Slime:1)
  16 vault sentinels
  9 spectral swamp worms (Tar:7)
  A molten gargoyle (Lair:5)
  2 spiny frogs (shapeshifter)
  A dire elephant skeleton (Tar:7)
  24 naga magi
  5 torpor snails (Lair:8)
  2 gargoyles
  A death yak zombie (Crypt:1)
  A yaktaur zombie (Vaults:2)
  A kobold demonologist (Vaults:2)
  2 smoke demons
  8 komodo dragons
  A green draconian zombie (Tar:6)
  2 orange demons
  An emperor scorpion zombie (Tar:2)
  3 fire drakes
  2 hellions
  24 spiny frogs
  A yaktaur (shapeshifter) (Vaults:2)
  A catoblepas skeleton (Tar:7)
  20 deep elf priests
  A yaktaur skeleton (Vaults:2)
  A demonic crawler (Hell)
  69 yaktaurs
  5 guardian mummies (Crypt:3)
  2 silent spectres
  3 red devils (Hell)
  4 tormentors
  2 efreet
  4 hydra zombies
  A blink frog (shapeshifter) (Elf:1)
  2 harpy zombies
  A hellwing (Tar:7)
  3 minotaur zombies
  9 trolls
  2 anaconda simulacra
  A wolf spider simulacrum (Crypt:1)
  4 wandering mushrooms (Lab)
  A polar bear (Lair:4)
  3 tengu conjurers
  12 freezing wraiths
  A demonic crawler zombie (Hell)
  A stone giant simulacrum (Vaults:2)
  10 blue devils
  Grinder (D:5)
  26 two-headed ogres
  3 jumping spiders
  A snapping turtle (shapeshifter) (Vaults:4)
  A spectral manticore (Tar:2)
  3 alligator zombies
  3 fire vortices
  A queen bee (shapeshifter) (Depths:3)
  8 bog bodies
  7 giant leeches
  A trapdoor spider zombie (Crypt:2)
  183 slime creatures
  3 boulder beetles
  16 ravens
  An iron dragon simulacrum (Tar:7)
  8 spriggans
  2 baby alligators (Swamp:1)
  2 hydra skeletons (Tar:2)
  A two-headed ogre (shapeshifter) (Depths:5)
  A fire dragon zombie (Tar:1)
  34 flying skulls
  5 blink frogs (Lair:7)
  11 water elementals
  23 redbacks
  Sigmund (D:5)
  2 fire dragon skeletons
  A yak (shapeshifter) (Vaults:1)
  A black mamba skeleton (Crypt:3)
  32 deep elf magi
  16 wraiths
  2 small abominations (Tar:1)
  8 vampires
  2 alligator skeletons (Hell)
  39 yaks
  A tarantella (shapeshifter) (Vaults:1)
  6 fire elementals
  5 basilisks
  2 fire bats (Lair:5)
  19 shadows
  9 hippogriffs
  A yellow draconian simulacrum (Crypt:3)
  Grum (D:10)
  2 chaos spawn
  46 deep elf fighters
  6 golden eyes (Slime:6)
  6 hungry ghosts
  A steam dragon (D:8)
  19 vampire mosquitoes
  A hippogriff (shapeshifter) (Depths:5)
  6 swamp worm simulacra (Swamp:5)
  9 insubstantial wisps (Swamp:1)
  72 nagas
  A harpy simulacrum (Depths:4)
  A mottled dragon (Vaults:1)
  8 wargs
  23 swamp worms
  An infernal demonspawn skeleton (Tar:2)
  18 hydra simulacra
  2 spiny frog zombies
  14 wasps
  29 water moccasins
  12 wolves
  An alligator simulacrum (Hell)
  A monstrous demonspawn skeleton (Crypt:3)
  14 hell hounds
  9 porcupines
  11 swamp drakes
  55 ogres
  6 phantoms
  A fire dragon simulacrum (Crypt:3)
  A black bear (D:11)
  9 ice beasts
  A manticore zombie (Crypt:2)
  31 centaurs
  2 tengu (shapeshifter)
  16 eyes of draining
  An anubis guard zombie (Crypt:2)
  4 sky beasts
  13 boggarts
  A hog zombie (Crypt:1)
  17 necrophages
  61 orc warriors
  A snapping turtle skeleton (Tar:2)
  A manticore skeleton (Crypt:3)
  A torpor snail zombie (Crypt:1)
  A lost soul (Crypt:1)
  A big kobold (shapeshifter) (D:15)
  5 big kobolds
  A gnoll sergeant (D:9)
  6 brain worms (Lair:8)
  17 giant frogs
  A wyvern zombie (D:7)
  An elf skeleton (D:14)
  16 crocodiles
  2 wyvern skeletons
  2 scorpions
  A spiny frog simulacrum (Hell)
  2 human simulacra (Vaults:2)
  22 killer bees
  A troll zombie (D:14)
  33 wights
  A troll skeleton (Crypt:3)
  3 electric eels
  5 crimson imps
  A spriggan skeleton (Crypt:2)
  3 lava snakes (Lair:5)
  3 draconian simulacra (IceCv)
  10 hounds
  5 human zombies
  3 goliath beetles
  A gnoll shaman (D:8)
  32 jellies
  38 orc wizards
  Crazy Yiuf (D:5)
  34 orc priests
  Ijyb (D:2)
  12 iguanas
  7 worker ants
  4 human skeletons
  Jessica (D:2)
  3 centaur skeletons
  5 hell rats
  Natasha (thrice) (D:2)
  A basilisk skeleton (Crypt:2)
  A spriggan simulacrum (IceCv)
  A centaur simulacrum (IceCv)
  3 big kobold zombies (Ossuary)
  A crocodile zombie (Crypt:1)
  38 sheep
  A tengu zombie (Crypt:1)
  A naga skeleton (Crypt:1)
  A hound zombie (D:6)
  A big kobold skeleton (Crypt:1)
  10 mummies
  Robin (D:4)
  3 naga simulacra (IceCv)
  2 worker ant zombies
  23 adders
  2 ogre simulacra (IceCv)
  36 river rats
  16 gnolls
  15 shadow imps
  12 white imps (Orc:2)
  A giant eyeball (shapeshifter) (Vaults:5)
  An ufetubus (Vaults:3)
  17 worms
  2 swamp drake simulacra (Swamp:5)
  3 adder skeletons (D:4)
  10 giant geckos
  8 oozes
  217 orcs
  5 ball pythons
  2 bat skeletons
  A bat zombie (D:5)
  5 giant cockroaches
  3 gnoll zombies
  30 goblins
  30 hobgoblins
  7 jackals
  9 quokkas
  17 bats
  2 giant newts
  4 goblin zombies (Ossuary)
  A hobgoblin skeleton (Crypt:2)
  3 hobgoblin zombies
  A jackal skeleton (D:4)
  18 kobolds
  2 kobold skeletons (Crypt:1)
  2 kobold zombies
  An orc skeleton (D:14)
  4 orc zombies
  A quokka skeleton (D:5)
  A quokka zombie (Crypt:2)
  21 rats
  A rat skeleton (Crypt:3)
  A rat zombie (D:7)
  3 spectral orcs (Orc:3)
  5 ballistomycetes
  2 fungi
  5 plants
  A tentacle (Tar:7)
3407 creatures vanquished.

Vanquished Creatures (collateral kills)
  Saint Roka (Elf:3)
  Rupert (Lair:6)
  An acid blob (Slime:6)
  A tengu reaver (Vaults:5)
  3 vault wardens
  A curse skull (Crypt:3)
  2 ironheart preservers
  2 very ugly things
  A fire dragon (Vaults:2)
  A deep elf high priest (Elf:1)
  6 vault guards
  3 entropy weavers
  A rakshasa (Depths:3)
  A naga warrior (Snake:5)
  2 hydras (Swamp:2)
  An ice dragon (Depths:5)
  The ghost of Zebura the Severer, a powerful DDBe of Trog (Orc:4)
  The ghost of inmateoo the Quickloader, a powerful DsHu of Kikubaaqudgha (D:13)
  2 salamander stormcallers
  An ogre mage (Vaults:4)
  A death knight (Crypt:2)
  3 death yaks (Lair:5)
  2 tengu warriors (Depths:5)
  2 naga sharpshooters (Snake:5)
  4 skeletal warriors
  A flayed ghost (Crypt:3)
  A spriggan druid (Swamp:3)
  2 deep elf summoners (Elf:2)
  11 ugly things
  2 deep elf conjurers
  A hill giant (D:11)
  A centaur zombie (D:11)
  A spiny frog (Lair:1)
  2 water elementals (Snake:5)
  A gargoyle (D:13)
  4 vault sentinels
  A freezing wraith (Vaults:3)
  2 two-headed ogres (Vaults:4)
  A harpy zombie (Crypt:3)
  2 jumping spiders (Depths:2)
  A deep elf priest (Vaults:5)
  A raven (Depths:5)
  6 slime creatures
  A sphinx simulacrum (Vaults:2)
  2 vampires
  3 deep elf fighters
  3 spriggans
  5 redbacks
  A neqoxec (Elf:3)
  2 tarantellas
  A deep elf mage (Vaults:4)
  7 yaks
  2 air elementals (Depths:3)
  5 nagas
  A human (shapeshifter) (Depths:1)
  4 ogres
  2 orc warriors
  An eye of draining (D:11)
  A wasp (Swamp:3)
  A centaur (D:13)
  2 boggarts
  A big kobold (Vaults:2)
  A wight (Crypt:3)
  A crimson imp (D:11)
  A human simulacrum (Vaults:2)
  2 orc priests (Orc:1)
  An orc wizard (Orc:1)
  A river rat (Lair:5)
  17 orcs
  A hobgoblin (Orc:1)
  A goblin (Orc:4)
157 creatures vanquished.

Vanquished Creatures (others)
  An eldritch tentacle (Vaults:5)
  An ettin (Slime:6)
  A deep elf high priest (Vaults:5)
  An ogre mage (Vaults:2)
  An ice dragon (Slime:6)
  An ice dragon (shapeshifter) (Depths:4)
  A salamander stormcaller (Vaults:5)
  An ice devil (Vaults:5)
  A swamp dragon (Swamp:2)
  An ugly thing (Vaults:2)
  17 air elementals
  A vault sentinel (Vaults:5)
  2 yaktaurs
  A deep elf priest (Vaults:5)
  25 water elementals
  22 fire elementals
  A freezing wraith (Vaults:5)
  A giant leech (Swamp:5)
  A two-headed ogre (Vaults:5)
  A boulder beetle (Vaults:2)
  7 trapdoor spiders
  An ice dragon skeleton (Hell)
  A spriggan (Swamp:5)
  A deep elf mage (Elf:1)
  A chaos spawn (Tar:7)
  2 deep elf fighters
  2 swamp worms (Swamp:5)
  6 ogres (Vaults:2)
  5 spiders
  A wasp (Swamp:5)
  3 centaurs (Elf:3)
  4 lost souls
  An orc wizard (Orc:4)
  A shadow imp (Tar:7)
  A goblin (Orc:4)
  2 giant spores
  90 eldritch tentacle segments (Vaults:5)
  5 fungi
  5 plants
  3 tentacles (Tar:7)
224 creatures vanquished.

Grand Total: 3788 creatures vanquished

Notes
Turn   | Place    | Note
--------------------------------------------------------------
     0 | D:1      | inmateoo, the Human Assassin, began the quest for the Orb.
     0 | D:1      | Reached XP level 1. HP: 16/16 MP: 1/1
   372 | D:1      | Reached XP level 2. HP: 22/22 MP: 2/2
   884 | D:1      | Reached XP level 3. HP: 26/28 MP: 3/3
   941 | D:2      | Noticed Ijyb
   971 | D:2      | Killed Ijyb
   971 | D:2      | Reached XP level 4. HP: 23/34 MP: 4/4
  1151 | D:2      | Noticed Jessica
  1178 | D:2      | Killed Jessica
  1572 | D:2      | Reached XP level 5. HP: 32/40 MP: 5/5
  1617 | D:2      | Noticed Natasha
  1620 | D:2      | Killed Natasha
  1760 | D:2      | Noticed Natasha
  1798 | D:2      | Killed Natasha
  1892 | D:2      | Noticed Natasha
  1900 | D:2      | Killed Natasha
  2493 | D:3      | Found a glowing drain.
  2524 | Sewer    | Entered a sewer
  2690 | Sewer    | Noticed a crocodile
  2706 | Sewer    | Killed a crocodile
  2706 | Sewer    | Reached skill level 5 in Stealth
  2706 | Sewer    | Reached XP level 6. HP: 47/47 MP: 6/6
  3533 | D:4      | Found a staircase to the Ecumenical Temple.
  3604 | D:4      | Reached XP level 7. HP: 50/52 MP: 7/7
  3703 | Temple   | Entered the Ecumenical Temple
  3812 | Temple   | Became a worshipper of Gozag Ym Sagoz the Greedy
  4390 | D:4      | Noticed Robin
  4638 | D:4      | Found Akkonloy's Antique Armour Boutique.
  4648 | D:4      | Bought a pair of runed gloves for 90 gold pieces
  4758 | D:4      | Reached skill level 5 in Short Blades
  4823 | D:4      | Killed Robin
  4823 | D:4      | Reached XP level 8. HP: 38/60 MP: 8/8
  5158 | D:5      | Entered Level 5 of the Dungeon
  5292 | D:5      | Noticed Grinder
  5518 | D:5      | Paralysed by Grinder for 3 turns
  5549 | D:6      | Reached skill level 6 in Short Blades
  6050 | D:6      | Reached XP level 9. HP: 21/67 MP: 9/9
  6250 | D:6      | Reached skill level 5 in Fighting
  6459 | D:6      | Reached skill level 7 in Short Blades
  6554 | D:6      | Reached skill level 5 in Dodging
  7726 | D:7      | Found an iron altar of Okawaru.
  7903 | D:7      | Found a sand-covered staircase.
  7958 | Ossuary  | Entered an ossuary
  8985 | D:8      | Reached skill level 8 in Short Blades
  9276 | D:8      | Reached XP level 10. HP: 72/76 MP: 10/10
  9374 | D:7      | HP: 3/76 [wight/dagger of freezing (2)]
 10181 | D:8      | Found Ohapp's Jewellery Shop.
 10190 | D:8      | Bought the ring "Ciumat" {rElec rPois MP-9 Str+2 Dex+3} for 320 gold pieces
 10291 | D:8      | Noticed Maurice
 10294 | D:8      | Killed Maurice
 10294 | D:8      | Reached skill level 9 in Short Blades
 10482 | D:8      | Found a bloodstained altar of Trog.
 10482 | D:8      | Found an ancient bone altar of Kikubaaqudgha.
 10484 | D:8      | Found a blossoming altar of Fedhas.
 10484 | D:8      | Found a deep blue altar of Sif Muna.
 10486 | D:8      | Found a shimmering altar of Xom.
 10486 | D:8      | Found a shadowy altar of Dithmenos.
 10570 | D:8      | Found a shattered altar of Ashenzari.
 10684 | D:8      | Found a snail-covered altar of Cheibriados.
 10923 | D:8      | Found a staircase to the Lair.
 11490 | D:9      | Found a staircase to the Orcish Mines.
 12199 | D:10     | Entered Level 10 of the Dungeon
 12561 | D:10     | Noticed Grum
 12671 | D:10     | Reached skill level 10 in Short Blades
 12671 | D:10     | Reached XP level 11. HP: 84/84 MP: 2/11
 12680 | D:10     | Killed Grum
 12700 | D:10     | Noticed a manticore
 12706 | D:10     | Noticed a four-headed hydra
 12711 | D:10     | Noticed a gargoyle
 12892 | D:10     | Found Qanainto's Jewellery Emporium.
 12916 | D:10     | Noticed an unseen horror
 13018 | D:10     | Reached skill level 1 in Evocations
 13284 | D:10     | Noticed a cyan ugly thing
 13413 | Lair:1   | Entered Level 1 of the Lair of Beasts
 14086 | Lair:1   | Noticed a griffon
 14131 | Lair:1   | Killed a griffon
 15466 | Lair:2   | Reached skill level 11 in Short Blades
 15815 | Lair:2   | You fall through a shaft for 2 floors!
 15815 | Lair:4   | Noticed Maud
 15965 | Lair:4   | Noticed an eight-headed hydra
 15970 | Lair:4   | Killed an eight-headed hydra
 15970 | Lair:4   | Reached XP level 12. HP: 92/92 MP: 6/15
 16364 | Lair:4   | Reached skill level 1 in Armour
 16391 | Lair:4   | Reached skill level 5 in Evocations
 16585 | Lair:4   | Found a staircase to the Snake Pit.
 17010 | Lair:3   | Noticed a five-headed hydra
 17025 | Lair:3   | Killed a five-headed hydra
 17025 | Lair:3   | Reached skill level 10 in Stealth
 17063 | Lair:3   | Found a staircase to the Swamp.
 17365 | Lair:3   | Got a faintly glowing cloak
 17376 | Lair:3   | Identified the +0 cloak of Makhleb's Generosity {rN+ Int+3 Dex+3 SInv} (You found it on level 3 of the Lair of Beasts)
 18150 | Lair:2   | Noticed an eight-headed hydra
 18165 | Lair:2   | Killed an eight-headed hydra
 18539 | Lair:2   | Reached skill level 1 in Spellcasting
 18650 | Lair:5   | Noticed a death yak
 18650 | Lair:5   | Noticed a death yak
 18650 | Lair:5   | Noticed a death yak
 18650 | Lair:5   | Noticed a death yak
 18650 | Lair:5   | Noticed a death yak
 18650 | Lair:5   | Noticed a death yak
 18815 | Lair:5   | Reached XP level 13. HP: 63/99 MP: 8/17
 18929 | Lair:5   | Reached skill level 12 in Short Blades
 19196 | Lair:5   | Got a pitted hand axe
 19205 | Lair:5   | Identified the +7 hand axe of Ciun {chop, rN+ MP-9 Str+3} (You found it on level 5 of the Lair of Beasts)
 19729 | Lair:6   | Noticed Rupert
 20154 | Lair:5   | Killed Maud
 20371 | Lair:5   | Killed a death yak
 20383 | Lair:5   | Killed a death yak
 20399 | Lair:5   | Killed a death yak
 20403 | Lair:5   | Killed a death yak
 20413 | Lair:5   | Killed a death yak
 20679 | Lair:5   | Killed a death yak
 21384 | D:5      | Killed Grinder
 21464 | D:5      | Found a sacrificial altar of Ru.
 21730 | D:5      | Noticed Sigmund
 21738 | D:5      | Killed Sigmund
 21834 | D:5      | Noticed Crazy Yiuf
 21840 | D:5      | Killed Crazy Yiuf
 21906 | D:5      | Found a white marble altar of Elyvilon.
 22097 | D:4      | Bought a slimy pearl dragon armour for 2070 gold pieces
 22122 | D:4      | Identified the +2 pearl dragon armour "Ilunops" {rN+ MR- MP+9 Int+4 SInv} (You bought it in a shop on level 4 of the Dungeon)
 22660 | D:10     | Killed a gargoyle
 22843 | D:10     | Noticed a cyclops
 23064 | D:10     | Reached skill level 1 in Shields
 23067 | D:10     | Killed a cyclops
 23096 | D:10     | Noticed a hill giant
 23099 | D:10     | Killed an unseen horror
 23131 | D:10     | Killed a cyan ugly thing
 23161 | D:10     | Killed a hill giant
 23172 | D:10     | Killed a manticore
 23228 | D:10     | Killed a four-headed hydra
 23228 | D:10     | Reached XP level 14. HP: 44/108 MP: 11/20
 24062 | D:11     | Reached skill level 13 in Short Blades
 24122 | D:11     | Learned a level 3 spell: Flight
 24301 | D:12     | Found Etoiwk's Magic Scroll Shoppe.
 24316 | D:12     | Bought a scroll of identify for 26 gold pieces
 24316 | D:12     | Bought a scroll of identify for 26 gold pieces
 24319 | D:12     | Bought a scroll of acquirement for 676 gold pieces
 24527 | D:12     | Noticed Azrael
 24575 | D:12     | Killed Azrael
 25148 | D:12     | Reached skill level 5 in Armour
 26356 | D:13     | Noticed inmateoo's ghost (powerful DsHu)
 26368 | D:13     | Killed inmateoo's ghost
 26524 | D:13     | Got a slimy lapis lazuli ring
 26869 | D:13     | Identified the ring of Fatigue {Contam MP+9 Str+3 Dex+4} (You found it on level 13 of the Dungeon)
 27232 | D:13     | Found an iron altar of Okawaru.
 27475 | D:13     | Reached skill level 10 in Fighting
 27489 | D:13     | Reached skill level 10 in Dodging
 27494 | D:13     | Got an uncursed dazzling long sword
 27499 | D:13     | Identified the +9 long sword "Demonbane" {slice, MR+ Str+3 Stlth+} (You took it off a centaur warrior on level 13 of the Dungeon)
 27932 | D:13     | Reached XP level 15. HP: 115/115 MP: 22/22
 27960 | D:13     | Reached skill level 1 in Long Blades
 28131 | D:12     | Noticed a sphinx
 28139 | D:12     | Noticed a fire giant
 28139 | D:12     | Noticed a sphinx
 28155 | D:12     | Killed a sphinx
 28157 | D:12     | Killed a fire giant
 28166 | D:12     | Killed a sphinx
 28335 | Orc:1    | Entered Level 1 of the Orcish Mines
 28444 | Orc:2    | Found a frozen archway.
 28462 | Orc:2    | Reached skill level 10 in Evocations
 28602 | IceCv    | Entered an ice cave
 29212 | IceCv    | Got a crude leather armour
 29224 | IceCv    | Identified the +2 leather armour of Beorhon {rF- MP+9 Str+4 Int+3 Stlth+} (You took it off a necromancer in an ice cave)
 30927 | Orc:2    | Found Nemapt's Magic Scroll Boutique.
 31214 | Orc:3    | Found a bloodstained altar of Trog.
 31315 | Orc:3    | Found a staircase to the Elven Halls.
 31352 | Orc:3    | Noticed Sonja
 31421 | Orc:3    | Killed Sonja
 31534 | Orc:3    | Noticed Nergalle
 31605 | Orc:3    | Killed Nergalle
 31709 | Orc:3    | Found a roughly hewn altar of Beogh.
 31848 | Orc:4    | Entered Level 4 of the Orcish Mines
 31888 | Orc:4    | Noticed Zebura's ghost (powerful DDBe)
 31900 | Orc:4    | Killed Zebura's ghost
 31997 | Orc:4    | Found a dark tunnel.
 32021 | Volcano  | Entered a volcano
 32081 | Volcano  | Found a burning altar of Makhleb.
 32096 | Volcano  | Reached skill level 5 in Shields
 32119 | Volcano  | HP: 1/117 [something (22)]
 33413 | Orc:4    | Found Orrutar's Distillery.
 33451 | Orc:4    | Bought a potion of restore abilities for 55 gold pieces
 33451 | Orc:4    | Bought a potion of heal wounds for 55 gold pieces
 33451 | Orc:4    | Bought 2 potions of haste for 220 gold pieces
 33451 | Orc:4    | Bought a potion of curing for 33 gold pieces
 33451 | Orc:4    | Bought a potion of curing for 33 gold pieces
 33451 | Orc:4    | Bought a potion of curing for 33 gold pieces
 33711 | Orc:4    | Found Hifo's Magic Scroll Shop.
 33711 | Orc:4    | Found Jiklit's Antique Armour Shoppe.
 33736 | Orc:4    | Reached skill level 5 in Long Blades
 33849 | Orc:4    | Found Tiegosaoq's Book Emporium.
 33850 | Orc:4    | Found Xavepix's Antique Armour Boutique.
 33857 | Orc:4    | Bought a pair of jewelled boots for 247 gold pieces
 33872 | Orc:4    | Identified the +4 pair of boots of Milemac {rElec} (You bought it in a shop on level 4 of the Orcish Mines)
 33897 | Orc:4    | Bought a warped ring mail for 297 gold pieces
 33907 | Orc:4    | Identified the +2 ring mail "Umonk" {rPois} (You bought it in a shop on level 4 of the Orcish Mines)
 34361 | D:14     | Found a labyrinth entrance.
 34380 | Lab      | Entered a labyrinth
 34440 | Lab      | Reached XP level 16. HP: 113/123 MP: 24/24
 35091 | Lab      | Got a twisted scale mail
 35104 | Lab      | Identified the +6 scale mail "Vicsaal" {rPois Int+2} (You found it in a labyrinth)
 35106 | Lab      | Got a faintly glowing long sword
 35107 | Lab      | Identified the +10 long sword of Sefidacw {elec, +Fly Int+5 Dex+3} (You found it in a labyrinth)
 35118 | D:14     | Found a gate to the Vaults.
 35270 | D:14     | Noticed Snorg
 35287 | D:14     | Killed Snorg
 35489 | D:14     | Found a basalt altar of Yredelemnul.
 35831 | D:15     | Entered Level 15 of the Dungeon
 36173 | D:15     | Found a staircase to the Depths.
 36368 | D:15     | Noticed Louise
 36393 | D:15     | Killed Louise
 37533 | Lair:6   | Noticed Josephine
 37541 | Lair:6   | Killed Josephine
 37878 | Lair:6   | Killed Rupert
 38392 | Lair:7   | Found a staircase to the Slime Pits.
 39448 | Lair:7   | Reached XP level 17. HP: 117/131 MP: 25/25
 39945 | Lair:8   | Entered Level 8 of the Lair of Beasts
 40018 | Lair:8   | Learned a level 2 spell: Stoneskin
 40023 | Lair:8   | Learned a level 4 spell: Petrify
 40029 | Lair:8   | Learned a level 5 spell: Lee's Rapid Deconstruction
 40489 | Lair:8   | Found a runed door.
 40697 | Lair:8   | Reached skill level 1 in Earth Magic
 41371 | Swamp:1  | Entered Level 1 of the Swamp
 43786 | Swamp:3  | Learned a level 1 spell: Apportation
 43793 | Swamp:3  | Learned a level 6 spell: Invisibility
 44028 | Swamp:3  | Gained mutation: You have large cloven feet. [potion of beneficial mutation]
 44287 | Swamp:3  | Reached XP level 18. HP: 140/140 MP: 27/27
 44398 | Swamp:4  | Upgraded the game from 0.17-a0-488-g0a147b9 to 0.17-a0-491-gbd49765
 44836 | Swamp:4  | Reached skill level 10 in Long Blades
 44840 | Swamp:4  | Noticed Roxanne
 45735 | Swamp:4  | Killed Roxanne
 45737 | Swamp:4  | Identified Roxanne's Papyrus of Stones (You took it off Roxanne on level 4 of the Swamp)
 45770 | Swamp:5  | Entered Level 5 of the Swamp
 46201 | Swamp:5  | Reached skill level 5 in Spellcasting
 47696 | Swamp:5  | Got a decaying rune of Zot
 47924 | Snake:1  | Entered Level 1 of the Snake Pit
 47982 | Snake:1  | Noticed Aizul
 48032 | Snake:1  | Killed Aizul
 48201 | Snake:1  | Reached skill level 5 in Earth Magic
 48393 | Snake:1  | Learned a level 6 spell: Statue Form
 48466 | Snake:1  | Noticed Nikola
 48484 | Snake:1  | Killed Nikola
 48940 | Snake:2  | Reached skill level 10 in Armour
 49247 | Snake:2  | Reached XP level 19. HP: 143/148 MP: 28/28
 49777 | Snake:3  | Found Yrhev Ejuwk's Gadget Boutique.
 50935 | Snake:5  | Entered Level 5 of the Snake Pit
 50960 | Snake:5  | Noticed Vashnia
 50980 | Snake:5  | Found Mewoj's Gadget Emporium.
 51047 | Snake:5  | Noticed Donald
 51053 | Snake:5  | Found an opulent altar of Gozag.
 51065 | Snake:5  | Killed Donald
 51079 | Snake:5  | Gained mutation: You tend to lose your temper in combat. [potion of mutation]
 51079 | Snake:5  | Gained mutation: You are partially covered in molten scales (AC +1). [potion of mutation]
 51079 | Snake:5  | Gained mutation: You are robust (+10% HP). [potion of mutation]
 51308 | Snake:5  | Noticed Asterion
 51327 | Snake:5  | Killed Asterion
 52658 | Snake:5  | Reached XP level 20. HP: 171/171 MP: 30/30
 53186 | Snake:5  | Got a serpentine rune of Zot
 53566 | Snake:5  | Killed Vashnia
 53780 | Snake:5  | Learned a level 6 spell: Iron Shot
 54227 | Vaults:1 | Entered Level 1 of the Vaults
 54294 | Vaults:1 | Found Gierid's Assorted Antiques.
 54302 | Vaults:1 | Bought a pair of twisted gloves for 380 gold pieces
 54302 | Vaults:1 | Identified the +0 pair of gloves "Yjiasine" {rPois MP+9 Int-4} (You bought it in a shop on level 1 of the Vaults)
 54523 | Vaults:1 | Noticed Wiglaf
 54545 | Vaults:1 | Killed Wiglaf
 55569 | Vaults:2 | Found Meloh's Armour Shop.
 55663 | Vaults:2 | Reached XP level 21. HP: 156/180 MP: 32/32
 55927 | Vaults:2 | Found a staircase to the Crypt.
 57004 | Vaults:2 | Reached skill level 14 in Fighting
 57484 | Vaults:2 | Found Rosmaff's Antique Armour Boutique.
 58289 | Vaults:3 | Found Doimmyal's General Store.
 58673 | Vaults:3 | Found Lavibr Udei's Assorted Antiques.
 58685 | Vaults:3 | Bought a potion of beneficial mutation for 1470 gold pieces
 58685 | Vaults:3 | Gained mutation: Your mind is acute. (Int +2) [potion of beneficial mutation]
 59276 | Vaults:3 | Reached XP level 22. HP: 163/189 MP: 34/34
 59785 | Vaults:4 | Found Ikhioqi's Armour Shoppe.
 59794 | Vaults:4 | Bought the +3 leather armour of the Seven Moons {+Blink rF+ MR++ Str-3} for 401 gold pieces
 61255 | Vaults:5 | Entered Level 5 of the Vaults
 61260 | Vaults:5 | Reached skill level 15 in Long Blades
 61260 | Vaults:5 | Reached skill level 10 in Earth Magic
 62033 | Vaults:5 | Noticed an ancient lich
 62176 | Vaults:4 | Reached XP level 23. HP: 198/198 MP: 36/36
 62418 | Vaults:5 | Noticed a golden dragon
 62527 | Vaults:4 | Killed a golden dragon
 63112 | Vaults:4 | Reached skill level 15 in Fighting
 63372 | Vaults:5 | HP: 9/199 [spellforged servitor/crystal spear[an ancient lich] (66)]
 63390 | Vaults:5 | Killed an ancient lich
 63583 | Vaults:5 | Identified the Disquisition on Creative Bewitchment
 63805 | Vaults:5 | Learned a level 3 spell: Regeneration
 63866 | Vaults:5 | Reached skill level 16 in Long Blades
 64253 | Vaults:5 | Got a silver rune of Zot
 64472 | Vaults:5 | Reached skill level 10 in Spellcasting
 64505 | Vaults:5 | Reached skill level 15 in Evocations
 64773 | Vaults:5 | Found Godghach's Gadget Shop.
 64793 | Vaults:5 | Identified the Grimoire of Confrontation
 64797 | Vaults:5 | Got a slimy copper ring
 64798 | Vaults:5 | Identified the ring "Qeuguleg" {rC+ Int+8 Dex+2 SInv} (You found it on level 5 of the Vaults)
 64808 | Vaults:5 | Identified a +0 rod of shadows (13/13) (You found it on level 5 of the Vaults)
 65115 | Vaults:5 | Reached XP level 24. HP: 165/207 MP: 28/37
 65237 | Vaults:5 | Found Reas's Weapon Shoppe.
 66014 | Elf:1    | Entered Level 1 of the Elven Halls
 66324 | Elf:1    | Found a portal to a secret trove of treasure.
 66805 | Elf:1    | Found Ufid's Book Emporium.
 67317 | Elf:2    | Found a huge runed gate.
 67317 | Elf:2    | Found a huge runed gate.
 67317 | Elf:2    | Found a huge runed gate.
 67321 | Elf:2    | Found a huge runed gate.
 67321 | Elf:2    | Found a huge runed gate.
 67498 | Elf:2    | Found a glowing golden altar of the Shining One.
 67538 | Elf:2    | Reached skill level 15 in Dodging
 68151 | Elf:3    | Entered Level 3 of the Elven Halls
 68222 | Elf:3    | Noticed Saint Roka
 68358 | Elf:3    | Found Kiarium's Antique Armour Shoppe.
 68381 | Elf:3    | Bought the +8 orange crystal plate armour {Archmagi, Int+3 Clar SustAb} for 4380 gold pieces
 68993 | Elf:3    | Killed Saint Roka
 69229 | Elf:3    | Learned a level 4 spell: Passage of Golubria
 69426 | Elf:3    | Reached skill level 17 in Long Blades
 69991 | Elf:3    | Got a scorched ruby amulet
 69992 | Elf:3    | Identified the amulet "Wudoafog" {Faith +Fly rC+ Int-2 Slay+2} (You took it off a deep elf fighter on level 3 of the Elven Halls)
 69997 | Elf:3    | Got a sparkling lead ring
 69999 | Elf:3    | Identified the cursed ring "Ximo Nie" {rF+ MP+9 Dex-5 Slay+5 Stlth-} (You took it off a deep elf sorcerer on level 3 of the Elven Halls)
 70024 | Elf:3    | Identified the Grimoire of Stolen Souls and the Voyage
 70064 | Elf:3    | Got a faintly glowing turquoise ring
 70082 | Elf:3    | Identified the ring of Aficsalu {rPois Str+3 Dex-4 Slay+3 Stlth+} (You took it off a deep elf fighter on level 3 of the Elven Halls)
 70570 | Depths:1 | Entered Level 1 of the Depths
 70570 | Depths:1 | Found Watucox's Antique Armour Shop.
 70709 | Depths:1 | Found Anaimp's Elemental Accessories.
 70721 | Depths:1 | Found a gateway to Hell.
 70772 | Depths:1 | Reached XP level 25. HP: 137/215 MP: 28/37
 71680 | Depths:1 | Found a one-way gate to the infinite horrors of the Abyss.
 72726 | Depths:2 | Found a one-way gate leading to the halls of Pandemonium.
 73110 | Depths:2 | Found Vevoyqodgh's Gadget Emporium.
 73991 | Depths:2 | Cast into the Abyss (a lich)
 73991 | Abyss:1  | Found a corrupted altar of Lugonu.
 74053 | Depths:2 | Escaped the Abyss
 74440 | Depths:2 | Identified a +3 rod of inaccuracy (11/11) (You found it on level 2 of the Depths)
 75186 | Depths:2 | Reached skill level 18 in Long Blades
 75328 | Depths:3 | Found Coidon's Magic Scroll Emporium.
 75354 | Depths:3 | Found a gateway to a ziggurat.
 75379 | Depths:3 | Lost mutation: Your mind is acute. (Int +2) [a cacodemon]
 75595 | Depths:3 | Reached XP level 26. HP: 193/224 MP: 29/38
 75610 | Depths:3 | Paralysed by a great orb of eyes for 4 turns
 76713 | Depths:4 | Found Plog's General Store.
 77986 | Depths:4 | Reached skill level 1 in Transmutations
 78417 | Depths:4 | Noticed Mara
 78425 | Depths:4 | Noticed inmateoo's illusion
 78437 | Depths:5 | Entered Level 5 of the Depths
 78728 | Depths:4 | Killed Mara
 79477 | Depths:5 | Reached XP level 27. HP: 215/233 MP: 29/38
 79566 | Depths:5 | Found Xunypram's Gadget Boutique.
 79678 | Depths:5 | Found a gate to the Realm of Zot.
 80197 | Depths:5 | Learned a level 6 spell: Deflect Missiles
 80681 | Depths:5 | Learned a level 2 spell: Repel Missiles
 80696 | Depths:5 | Learned a level 9 spell: Shatter
 80725 | Depths:5 | Learned a level 2 spell: Blink
 80875 | Depths:5 | Noticed an ancient lich
 80895 | Depths:5 | Killed an ancient lich
 80895 | Depths:5 | Reached skill level 19 in Long Blades
 81699 | Elf:2    | Fell from the grace of Gozag
 81699 | Elf:2    | Became a worshipper of the Shining One
 81881 | Orc:4    | Bought a scroll of enchant weapon for 105 gold pieces
 82349 | Crypt:1  | Entered Level 1 of the Crypt
 82351 | Crypt:1  | You fall through a shaft!
 82484 | Crypt:2  | Acquired the Shining One's first power
 82625 | Crypt:2  | Acquired the Shining One's second power
 83211 | Crypt:3  | Entered Level 3 of the Crypt
 83263 | Crypt:1  | Acquired the Shining One's third power
 83279 | Crypt:1  | Got a pair of polished boots
 83280 | Crypt:1  | Identified the +0 pair of boots of Hangman {Contam +Inv MP+9 SInv} (You acquired it on level 1 of the Crypt)
 83597 | Crypt:1  | Acquired the Shining One's fourth power
 83608 | Crypt:1  | Reached skill level 1 in Invocations
 84836 | Crypt:3  | Reached skill level 15 in Armour
 85568 | Elf:2    | Identified a +9 double sword of holy wrath (a +9 vampiric double sword blessed by the Shining One)
 86172 | Crypt:3  | Found a staircase to the Tomb.
 86326 | Crypt:3  | Noticed an ancient lich
 86345 | Crypt:3  | Killed an ancient lich
 86345 | Crypt:3  | Reached skill level 5 in Invocations
 86764 | Crypt:3  | Identified a +2 rod of ignition (10/10) (You found it on level 3 of the Crypt)
 86769 | Crypt:3  | Identified a +5 rod of ignition (10/10) (You found it on level 3 of the Crypt)
 87469 | Slime:1  | Entered Level 1 of the Pits of Slime
 87702 | Slime:1  | Found a viscous altar of Jiyva.
 88958 | Slime:4  | Found a viscous altar of Jiyva.
 89930 | Slime:5  | Reached skill level 15 in Earth Magic
 90252 | Slime:6  | Entered Level 6 of the Pits of Slime
 90321 | Slime:6  | Gained mutation: You are weak. (Str -2) [a shining eye]
 91167 | Slime:6  | Noticed the royal jelly
 91454 | Slime:6  | Found a viscous altar of Jiyva.
 91617 | Slime:6  | Killed the royal jelly
 92171 | Slime:6  | Got a slimy rune of Zot
 92267 | Slime:6  | Identified Muhesaiw's Handbook of Spatial Changing (You found it on level 6 of the Pits of Slime)
 92295 | Slime:6  | Identified a +2 rod of the swarm (13/13) (You found it on level 6 of the Pits of Slime)
 92317 | Slime:6  | Identified a +2 rod of clouds (11/11) (You found it on level 6 of the Pits of Slime)
 92866 | Hell     | Entered the Vestibule of Hell
 92866 | Hell     | Noticed Geryon
 92880 | Hell     | Killed Geryon
 92880 | Hell     | Reached skill level 10 in Invocations
 92962 | Hell     | Was forgiven by Gozag
 93039 | Hell     | Found a gateway to the freezing wastes of Cocytus.
 93105 | Hell     | Found a gateway to the Iron City of Dis.
 93264 | Hell     | Found a gateway to the ashen valley of Gehenna.
 93299 | Hell     | Found a gateway to the decaying netherworld of Tartarus.
 93385 | Tar:1    | Entered Level 1 of Tartarus
 94465 | Tar:2    | Reached skill level 15 in Spellcasting
 95191 | Tar:5    | Noticed an ancient lich
 95219 | Tar:5    | Killed an ancient lich
 95523 | Tar:7    | Entered Level 7 of Tartarus
 95858 | Tar:7    | Reached skill level 10 in Shields
 96620 | Tar:7    | Learned a level 5 spell: Dispel Undead
 96663 | Tar:7    | Noticed the Serpent of Hell
 96699 | Tar:7    | HP: 6/235 [the Serpent of Hell (9)]
 96699 | Tar:7    | Killed from afar by an ice dragon

Action                   |  1- 3 |  4- 6 |  7- 9 | 10-12 | 13-15 | 16-18 | 19-21 | 22-24 | 25-27 || total
-------------------------+-------+-------+-------+-------+-------+-------+-------+-------+-------++-------
Melee: Dagger            |    88 |   175 |   705 |  1203 |  1103 |       |       |       |       ||  3274
       Rapier            |       |       |   101 |    22 |       |       |       |       |       ||   123
       Short sword       |       |       |       |    64 |       |       |       |       |       ||    64
       Long sword        |       |       |       |       |   956 |  1648 |  1989 |  1950 |  2795 ||  9338
       Quick blade       |       |       |       |       |       |   302 |       |       |       ||   302
       Double sword      |       |       |       |       |       |       |       |       |  2334 ||  2334
 Fire: Blowgun           |     6 |    38 |    10 |    15 |    26 |       |       |       |       ||    95
Throw: Javelin           |       |       |       |       |       |    11 |       |       |       ||    11
 Cast: Stoneskin         |       |       |       |       |       |     1 |       |     1 |     1 ||     3
       Apportation       |       |       |       |       |       |     1 |       |       |       ||     1
       Statue Form       |       |       |       |       |       |       |       |     2 |       ||     2
       Petrify           |       |       |       |       |       |       |       |     5 |       ||     5
       Regeneration      |       |       |       |       |       |       |       |     2 |       ||     2
Invok: Call Merchant     |       |       |     1 |     1 |     1 |     2 |     3 |     1 |     4 ||    13
       Potion Petition   |       |       |       |     1 |     2 |       |       |       |       ||     3
       Cleansing Flame   |       |       |       |       |       |       |       |       |    19 ||    19
       Divine Shield     |       |       |       |       |       |       |       |       |     1 ||     1
Evoke: Wand              |       |       |       |     5 |     7 |    20 |    17 |     7 |    13 ||    69
       Phial of floods   |       |       |       |     1 |     4 |     3 |     4 |     9 |     7 ||    28
       Fan of gales      |       |       |       |     1 |     2 |       |     3 |     3 |     4 ||    13
       Sack of spiders   |       |       |       |       |     8 |     4 |       |       |       ||    12
       Deck              |       |       |       |       |       |     2 |       |    13 |       ||    15
       Lamp of fire      |       |       |       |       |       |     3 |     8 |     8 |    13 ||    32
       Rod               |       |       |       |       |       |       |       |     8 |    11 ||    19
       Disc of storms    |       |       |       |       |       |       |       |       |     1 ||     1
  Use: Scroll            |     1 |    11 |     7 |     7 |    17 |    18 |     7 |    31 |    23 ||   122
       Potion            |       |       |     6 |     2 |     6 |     7 |     5 |    17 |    10 ||    53
 Stab: Sleeping          |     1 |    11 |     6 |    27 |    40 |    58 |    34 |    14 |       ||   191
       Distracted        |       |     1 |     7 |     9 |    52 |    31 |    50 |    41 |    48 ||   239
       Invisible         |       |       |     4 |     6 |     1 |       |       |       |       ||    11
       Held in net/web   |       |       |       |       |     3 |       |       |       |       ||     3
       Petrifying        |       |       |       |       |       |       |       |     2 |       ||     2
  Eat: Chunk             |       |     8 |     1 |       |       |       |       |       |     2 ||    11
       Fruit             |       |       |     3 |     6 |       |    10 |       |     3 |    16 ||    38
       Beef jerky        |       |       |     1 |     1 |     2 |     1 |     6 |     1 |     2 ||    14
       Pizza             |       |       |     2 |     1 |     1 |     2 |     1 |       |     2 ||     9
       Royal jelly       |       |       |     2 |     1 |    10 |     2 |       |     1 |       ||    16
       Meat ration       |       |       |     2 |     4 |     5 |     5 |       |     2 |     6 ||    24
       Bread ration      |       |       |       |       |     1 |     2 |     9 |    10 |    10 ||    32
